 Dungeon Crawl Stone Soup version 0.31-a0-1019-g3dd9dd1025 (webtiles) character file.

Game seed: 14774453177129758238

55 Ivernyr the Shield-Bearer (level 4, 37/37 HPs)
             Began as a Formicid Fighter on Nov 17, 2023.
             Got out of the dungeon alive.
             The game lasted 00:02:13 (790 turns).

Ivernyr the Shield-Bearer (Formicid Fighter)         Turns: 790, Time: 00:02:13

Health: 37/37      AC:  7    Str: 22    XL:     4   Next: 14%
Magic:  4/4        EV:  9    Int:  8    God:
Gold:   52         SH:  5    Dex: 13    Spells: 3/3 levels left

rFire   . . .        a - +0 quarterstaff
rCold   . . .        c - +0 buckler
rNeg    . . .        b - +0 scale mail
rPois   .            (helmet unavailable)
rElec   .            (no cloak)
rCorr   .            (no gloves)
SInv    +            (no boots)
Will    .....        (no amulet) Stlth
                     (no ring)
HPRegen 0.26/turn    (no ring)
MPRegen 0.09/turn

%: no passive effects
@: no status effects
A: permanent stasis, dig shafts and tunnels, antennae 3, four strong arms
a: Dig, Shaft Self


You escaped.
You visited 1 branch of the dungeon, and saw 2 of its levels.

You collected 52 gold pieces.

Inventory:

Hand Weapons
 a - a +0 quarterstaff (weapon)
Armour
 b - a +0 scale mail (worn)
 c - a +0 buckler (worn)
Scrolls
 f - a scroll of enchant weapon {unknown}
 g - a scroll of noise {unknown}
 h - a scroll of revelation {unknown}
 i - 2 scrolls of identify {unknown}
Potions
 d - a potion of might
 e - a potion of attraction {unknown}
 j - a potion of brilliance {unknown}


   Skills:
 + Level 3.7 Fighting
 * Level 3.0 Staves
 + Level 3.7 Armour
 + Level 4.5 Shields


You had 3 spell levels left.
You didn't know any spells.
Your spell library contained the following spells:

 Spells                   Type           Power      Damage    Failure   Level
 Ensorcelled Hibernation  Hex/Ice        0%         N/A       90%         2
 Jinxbite                 Hex            0%         N/A       90%         2
 Anguish                  Hex/Necr       0%         N/A       100%        4
 Iskenderun's Battlesphe  Conj           0%         2d6       100%        5
 Bombard                  Conj/Erth      0%         9d1       100%        6
 Spellforged Servitor     Conj/Summ      0%         N/A       100%        7


Dungeon Overview and Level Annotations

Branches:
Dungeon (2/15)

Altars:

Annotations:
D:2 Robin


Innate Abilities, Weirdness & Mutations

You cannot be hasted, slowed, berserked, paralysed or teleported.
You can dig through walls and to a lower floor.
You have a pair of large antennae on your head. (SInv)
Your four strong arms can wield two-handed weapons with a shield.


Message History

You feel clever.
HP restored.
You see here an adder corpse.
A goblin comes into view. It is wielding a +0 dagger.
The goblin shouts!
You hear a shout! x5
A goblin is nearby!
A hobgoblin and 3 goblins come into view.
The hobgoblin shouts!
The goblin shouts! x3
A hobgoblin comes into view.
A goblin comes into view. It is wielding a +0 club.
Robin of the Strong Arm comes into view.
They are wielding a +0 falchion.
A goblin comes into view. It is wielding a +0 dagger.
The hobgoblin moves out of view.
You see here an adder corpse.
The goblin attacks as it pursues you! The goblin hits you but does no damage.
The goblin attacks as it pursues you! The goblin hits you but does no damage.
The goblin attacks as it pursues you! The goblin barely misses you.
The goblin attacks as it pursues you! The goblin hits you with a +0 dagger.
The goblin attacks as it pursues you! The goblin hits you but does no damage.
The goblin attacks as it pursues you! You block the goblin's attack.
The goblin hits you with a +0 dagger. The goblin attacks as it pursues you!
The goblin barely misses you. The goblin attacks as it pursues you!
The goblin closely misses you. The goblin attacks as it pursues you!
The goblin hits you but does no damage. The goblin attacks as it pursues you!
The goblin barely misses you. The goblin attacks as it pursues you!
The goblin closely misses you. The goblin attacks as it pursues you!
The goblin hits you but does no damage. The goblin attacks as it pursues you!
The goblin hits you with a +0 dagger. The goblin attacks as it pursues you!
The goblin hits you but does no damage.
There is an escape hatch in the ceiling here.
A mysterious force pulls you upwards. The hatch slams shut behind you.
You sock the goblin!
You kill the goblin!
You see here a +0 dagger.
What level of the Dungeon? (default 2, ? - help) HP restored.
You open the door.
There is an open door here.
There is a staircase leading out of the dungeon here.
You have escaped!

#.##..#########.................
##.###........)............).....
..............##'#...............
............####)#####...........
...#####...##..#.#..##...........
#)...###...#.#.#.#.#.######...###
##.....#...#..#...#..#......#.###
.....#....####.....####.#........
####......'.....@.....'.#........
)# ###....####.....######........
.####......#..#...#..#...........
........####.#.#.#.#.####........
.....##..####..#.#..## #........
............####.#### #........
...........#...#'# #########
....)#...........# #.
######.....#...### #.


There were no monsters in sight!

Vanquished Creatures
  2 adders (D:2)
  A dart slug (D:2)
  4 bats
  3 endoplasms
  2 giant cockroaches (D:1)
  9 goblins
  A hobgoblin (D:1)
  A quokka (D:1)
  A ball python (D:1)
  3 kobolds (D:1)
  7 rats
34 creatures vanquished.

Notes
Turn   | Place    | Note
-------+----------+-------------------------------------------
     0 | D:1      | Ivernyr the Formicid Fighter began the quest for the Orb.
     0 | D:1      | Reached XP level 1. HP: 18/18 MP: 1/1
    28 | D:1      | Reached XP level 2. HP: 16/24 MP: 2/2
   297 | D:1      | Reached XP level 3. HP: 27/29 MP: 3/3
   703 | D:2      | Reached XP level 4. HP: 34/37 MP: 4/4
   715 | D:2      | Noticed Robin
   790 | D:$      | Got out of the dungeon alive.

Illustrated notes

Levels and vault maps discovered:
D:1:      nzn_arrival_crosshair, layout_rooms, minmay_octomino_j4
D:2:      layout_loops_cross, minmay_tiny_reverse_x, uniq_robin

Skill      XL: |  1  2  3 |
---------------+----------+-----
Staves         | 3 |  3.0
Fighting       | |  3.7
Armour         | |  3.7
Shields        | |  4.5

Action                     |  1- 3 |  4- 6 || total
---------------------------+-------+-------++-------
  Melee: Quarterstaff      |    93 |     1 ||    94
 Armour: Scale mail        |    64 |     9 ||    73
  Dodge: Dodged            |    53 |     5 ||    58
  Block: Buckler           |    28 |     1 ||    29

Table legend: (Time is in decaauts)
 A = Elapsed time spent in this place.
 B = Non-inter-level travel time spent in this place.
 C = Inter-level travel time spent in this place.
 D = Time resting spent in this place.
 E = Time spent auto-exploring this place.
 F = Levels seen in this place.
 G = Mean time per level.
                   A        B        C        D        E       F      G
               +--------+--------+--------+--------+--------+-----+--------+
         Total |    807 |    761 |     46 |      0 |    458 |   2 |  403.5 |
       Dungeon |    807 |    761 |     46 |      0 |    458 |   2 |  403.5 |
               +--------+--------+--------+--------+--------+-----+--------+

Top non-repeatable levels by time:
     D:1: 558 daAuts
     D:2: 249 daAuts
